Map: King's Cove LE

Players

zuka - Winner!

  • Race: Protoss Protoss
  • League: Master
  • Spawn Location: 11:00

IIIIIIIIIIII

  • Race: Protoss Protoss
  • League: Master
  • Spawn Location: 5:00

VOD

Have the link to the VOD?

Description

Time

  • Played on: Feb. 5, 2019, 2:42 p.m.
  • Length: 7:29
Show
View Real Time Build Order
Export as new Build Order

zuka Protoss - Winner!

Build Orders:  

Get SALT Encoding   

  12  0:00  Probe  
  13  0:13  Probe  
  14  0:18  Pylon  
  14  0:22  Probe  
  15  0:32  Probe  
  15  0:39  Gateway  
  16  0:43  Probe  
  16  0:48  Assimilator  
  17  0:53  Probe  
  18  0:58  Assimilator  
  18  1:01  Probe  
  18  1:11  Probe  
  19  1:13  Gateway  
  20  1:23  Probe  
  21  1:29  Cybernetics Core  
  21  1:35  Probe  
  22  1:41  Pylon  
  22  1:47  Probe  
  23  1:59  Probe  
  24  2:06  Stalker  
  24  2:07  Warp Gate, Sentry  
  28  2:18  Pylon  
  28  2:25  Pylon  
  28  2:33  Stalker  
  28  2:35  Stalker  
  31  2:57  Robotics Facility  
  31  3:05  Shield Battery  
  31  3:17  Nexus  
  31  3:18  Probe  
  31  3:26  Probe  
  33  3:34  Pylon  
  33  3:37  Probe  
  34  3:49  Probe  
  35  3:55  Twilight Council  
  35  3:58  Stalker  
  35  4:00  Stalker  
  35  4:01  Probe  
  40  4:10  Shield Battery  
  40  4:14  Probe  
  41  4:25  Blink  
  41  4:26  Probe  
  41  4:27  Adept x2  
  41  4:31  Probe  
  45  4:38  Probe  
  43  4:43  Probe  
  44  4:50  Probe  
  45  4:54  Stalker  
  45  4:56  Stalker  
  49  5:01  Pylon  
  49  5:03  Probe  
  51  5:15  Probe  
  51  5:20  Gateway  
  51  5:22  Gateway  
  51  5:23  Probe  
  51  5:24  Probe  
  53  5:31  Probe  
  54  5:36  Gateway  
  55  5:44  Stalker  
  55  5:46  Stalker  
  58  6:00  Gateway  
  58  6:12  Stalker x2  
  58  6:18  Observer  
  63  6:20  Stalker x2  
  63  6:25  Pylon  
  67  6:27  Pylon  
  63  6:36  Stalker  
  63  6:37  Stalker x2  
  62  6:46  Stalker x2  
  63  7:08  Stalker x3  
  60  7:25  Stalker x2  
Show
View Real Time Build Order
Export as new Build Order

IIIIIIIIIIII Protoss 

Build Orders: Phoenix Opening 

Get SALT Encoding   

  12  0:01  Probe  
  13  0:13  Probe  
  14  0:20  Pylon  
  14  0:25  Probe  
  15  0:34  Probe  
  15  0:42  Probe  
  16  0:43  Gateway  
  16  0:48  Assimilator  
  17  0:52  Probe  
  17  0:57  Assimilator  
  18  1:04  Probe  
  19  1:12  Gateway  
  19  1:16  Probe  
  20  1:28  Probe  
  20  1:32  Cybernetics Core  
  21  1:42  Probe  
  21  1:43  Pylon  
  22  1:55  Probe  
  22  1:56  Pylon  
  22  1:59  Adept x2  
  23  2:13  Warp Gate  
  27  2:16  Pylon  
  27  2:25  Stargate  
  28  2:44  Adept  
  30  2:45  Adept  
  30  2:49  Pylon  
  30  2:55  Probe  
  31  3:02  Phoenix  
  31  3:11  Pylon  
  34  3:17  Adept x2  
  37  3:25  Phoenix  
  37  3:32  Probe  
  40  3:52  Phoenix  
  42  4:06  Nexus  
  42  4:18  Phoenix  
  34  4:40  Stalker x2  
  34  4:41  Probe  
  34  4:44  Phoenix  
  34  4:45  Robotics Facility  
  41  5:01  Probe  
  41  5:05  Shield Battery  
  42  5:07  Pylon  
  42  5:13  Probe  
  43  5:20  Probe  
  43  5:26  Probe  
  44  5:28  Probe, Sentry x2  
  44  5:33  Observer  
  44  5:35  Probe  
  51  5:37  Probe  
  53  5:44  Probe  
  53  5:48  Probe  
  55  5:56  Twilight Council, Probe  
  56  6:00  Probe  
  57  6:08  Probe  
  58  6:12  Probe  
  58  6:17  Forge  
  58  6:18  Pylon  
  59  6:20  Adept x2, Probe  
  59  6:21  Immortal  
  59  6:24  Probe  
  67  6:33  Probe  
  68  6:41  Stalker x2  
  70  6:53  Assimilator  
  70  6:54  Assimilator  
  70  7:02  Pylon  
  65  7:10  Zealot  
  65  7:11  Zealot  
Tags
 
Add a new tag
Caveats
  • Supply blocks, unpowered buildings, or Contaminate may cause inaccurate times.
  • Supply counts are checked every 10 seconds.